 Dungeon Crawl Stone Soup version 0.31.0-11-ge490571c62 (webtiles) character file.

Game seed: 11015470284780386303

66 qw the Shooter (level 3, -1/20 HPs)
             Began as a Deep Elf Hunter on Feb 3, 2024.
             Slain by a gnoll
             ... wielding a +0 whip
              (5 damage)
             ... on level 2 of the Dungeon.
             The game lasted 00:00:04 (809 turns).

qw the Shooter (Deep Elf Hunter)                     Turns: 809, Time: 00:00:05

Health: -1/20      AC:  6    Str: 10    XL:     3   Next: 96%
Magic:  5/5        EV: 11    Int: 13    God:
Gold:   38         SH:  0    Dex: 18    Spells: 2/2 levels left

rFire   . . .        a - +0 shortbow
rCold   . . .        (shield currently unavailable)
rNeg    . . .        i - +0 ring mail
rPois   .            f - +0 helmet
rElec   .            (no cloak)
rCorr   .            (no gloves)
SInv    .            (no boots)
Will    .....        (no amulet)
Stlth   +            (no ring)
HPRegen 0.23/turn    (no ring)
MPRegen 0.09/turn

%: no passive effects
@: about to teleport
A: no striking features
a: no special abilities


You were on level 2 of the Dungeon.
You visited 1 branch of the dungeon, and saw 2 of its levels.

You collected 38 gold pieces.


   Skills:
 - Level 1.5 Fighting
 + Level 7.4 Ranged Weapons
 - Level 2.4 Dodging
 - Level 1.2 Stealth


You had 2 spell levels left.
You didn't know any spells.
Your spell library was empty.

Inventory:

Hand Weapons
 a - a +0 shortbow (weapon)
Armour
 f - a +0 helmet (worn)
 i - a +0 ring mail (worn)
Jewellery
 k - a ring of ice
Scrolls
 b - a scroll of identify
 d - 2 scrolls of teleportation
Potions
 g - a potion of mutation {unknown}
 j - a potion of curing {unknown}
 m - a potion of might {unknown}

Dungeon Overview and Level Annotations

Branches:
Dungeon (2/15)

Altars:


Message History

You shoot an arrow. The arrow barely misses the gnoll.
You shoot an arrow. The arrow barely misses the gnoll.
You shoot an arrow. The arrow hits the gnoll!
The gnoll is heavily wounded.
You shoot an arrow. The arrow hits the gnoll.
The gnoll is lightly wounded.
You shoot an arrow. The arrow barely misses the gnoll.
The gnoll barely misses you.
You shoot an arrow. The arrow closely misses the gnoll.
The arrow barely misses the gnoll.
The gnoll hits you with a +0 whip.
You shoot an arrow. The arrow hits the gnoll.
The gnoll is lightly wounded.
The gnoll hits you with a +0 whip.
You shoot an arrow.
The arrow hits the gnoll but does no damage.
The gnoll is lightly wounded.
The gnoll barely misses you.
You shoot an arrow. The arrow hits the gnoll.
The gnoll is heavily wounded.
The gnoll completely misses you. The gnoll hits you with a +0 whip.
You shoot an arrow. The arrow hits the gnoll!
You kill the gnoll!
You shoot an arrow. The arrow hits the gnoll.
The gnoll is severely wounded.
The gnoll barely misses you.
You shoot an arrow. The arrow closely misses the gnoll.
The gnoll hits you with a +0 whip.
You shoot an arrow. The arrow closely misses the gnoll.
The gnoll hits you with a +0 whip.
807 ||| READING 3 scrolls of teleportation.
As you read the scroll of teleportation, it crumbles to dust.
You feel strangely unstable. The gnoll closely misses you.
You shoot an arrow. The arrow hits the gnoll.
The gnoll is severely wounded.
The gnoll hits you with a +0 whip. The gnoll hits you but does no damage.
You shoot an arrow. The arrow completely misses the gnoll.
The gnoll hits you with a +0 whip.
You die...

...####### .....#... #..
.#.#.#.##### ##.g..
.#.#......#.# #8#....
.#.###%#####) .......
..........##.. .[.....
.......#..##..# .......
.#..[.##.##8..####)......
.........###....@g.......
..........##....######...
#####.######..#.#
..........#8..#.#
#####.#...##..#.####+#
#......%...........
#.#....##..........
#.#.....#..........
#.#.....#.......###


You could see a gnoll.

Vanquished Creatures
  2 gnolls (D:2)
  An adder (D:2)
  A ribbon worm (D:2)
  3 endoplasms
  3 giant cockroaches
  3 goblins (D:1)
  3 hobgoblins (D:1)
  2 kobolds (D:2)
  2 quokkas (D:1)
  A ball python (D:1)
  2 bats (D:1)
  4 frilled lizards
  10 rats
37 creatures vanquished.

Notes
Turn   | Place    | Note
-------+----------+-------------------------------------------
     0 | D:1      | qw the Deep Elf Hunter began the quest for the Orb.
     0 | D:1      | Reached XP level 1. HP: 12/12 MP: 3/3
     0 | D:1      | 0 ||| qw: Version: 0.3-a-155-g5e7d8dd
     0 | D:1      | 0 ||| qw: Game counter: 3417
     0 | D:1      | 0 ||| qw: Melee chars always use a shield: true
     0 | D:1      | 0 ||| qw: God list: Okawaru
     0 | D:1      | 0 ||| qw: Allow faded altars: false
     0 | D:1      | 0 ||| qw: Do Orc after clearing Dungeon:15 true
     0 | D:1      | 0 ||| qw: Do second Lair branch before Depths: true
     0 | D:1      | 0 ||| qw: Lair rune preference: random
     0 | D:1      | 0 ||| qw: Goals: Normal
     0 | D:1      | 0 ||| PLANNING D:1-11
   131 | D:1      | Found a faded altar of an unknown god.
   152 | D:1      | Reached XP level 2. HP: 16/16 MP: 4/4
   172 | D:1      | Reached skill level 6 in Ranged Weapons
   523 | D:1      | 523 ||| UPGRADING to +0 helmet.
   528 | D:1      | 528 ||| UPGRADING to +0 ring mail.
   538 | D:1      | 538 ||| DROPPING +0 leather armour.
   539 | D:1      | 539 ||| READING 4 scrolls labelled ZERRAA NENE.
   544 | D:1      | 544 ||| READING scroll labelled OTHUSI ITWIBI.
   545 | D:1      | 545 ||| READING scroll labelled RIMNOH SERPHOCE.
   545 | D:1      | 545 ||| IDENTIFYING inky potion
   546 | D:1      | 546 ||| DROPPING scroll of butterflies.
   547 | D:1      | 547 ||| DROPPING potion of brilliance.
   558 | D:2      | 558 ||| STAIRDANCE
   568 | D:2      | 568 ||| STAIRDANCE
   622 | D:2      | Reached XP level 3. HP: 11/20 MP: 5/5
   758 | D:2      | Reached skill level 7 in Ranged Weapons
   790 | D:2      | 790 ||| RETREEEEATING.
   806 | D:2      | HP: 5/20 [gnoll/+0 whip (5)]
   807 | D:2      | 807 ||| READING 3 scrolls of teleportation.
   809 | D:2      | Slain by a gnoll

Levels and vault maps discovered:
D:1:      lightli_arrival_chessboard, layout_rooms,
          shapermc_ecumenical_altar_mp_urbaneastern
D:2:      layout_basic, serial_corexii_hall, chequers_hall_statues_corner_a,
          corexii_hall_statues_u, chequers_hall_statues_y,
          corexii_hall_statues_x, due_unseen_surprise

Skill      XL: |  1  2  3 |
---------------+----------+-----
Ranged Weapons | 6 7 |  7.4
Fighting       | |  1.5
Dodging        | |  2.4
Stealth        | |  1.2

Action                     || total
---------------------------++-------
   Fire: Shortbow          ||   135
    Use: Scroll            ||     4
 Armour: Leather armour    ||    23
         Ring mail         ||    32
  Dodge: Dodged            ||    51

Table legend:
 A = Non-vault XP
 B = Vault XP
 C = Vault XP percentage of total XP
 D = Non-vault monster count
 E = Vault monster count
 F = Vault count percentage of total count
                 A         B        C        D         E       F
            +---------+---------+-------+---------+---------+-------
      Total |      95 |       0 |   0.0 |      37 |       0 |   0.0
            +---------+---------+-------+---------+---------+-------
        D:1 |      39 |       0 |   0.0 |      26 |       0 |   0.0
        D:2 |      56 |       0 |   0.0 |      11 |       0 |   0.0
            +---------+---------+-------+---------+---------+-------
